 Dungeon Crawl Stone Soup version 0.23-a0-558-g30802b1 (webtiles) character file.

210574 AverageBear the Executioner (level 18, -9/247 HPs)
             Began as a Deep Dwarf Fighter on Dec 12, 2018.
             Was the Champion of Makhleb.
             Killed from afar by Margery (59 damage)
             ... with a fireball
             ... on level 2 of the Depths.
             The game lasted 01:16:24 (25408 turns).

AverageBear the Executioner (Deep Dwarf Fighter)   Turns: 25408, Time: 01:16:24

Health: -9/247     AC: 30    Str: 39    XL:     18   Next: 56%
Magic:  0/11       EV: 22    Int: 10    God:    Makhleb [******]
Gold:   2375       SH:  0    Dex: 18    Spells: 13/17 levels left

rFire    . . .     SeeInvis +   O - +2 executioner's axe (flame)
rCold    . . .     Gourm    .   (shield currently unavailable)
rNeg     + . .     Faith    .   C - quicksilver dragon scales (curse)
rPois    +         Spirit   +   t - +0 hat of the Good {rElec rPois}
rElec    +         Reflect  .   W - +4 cloak "Haelaneh" {rC- MR+ Slay+3 SInv}
rCorr    .         Harm     .   b - +2 pair of gloves {Str+3}
MR       ++++.                  M - +2 pair of boots "Wolew" {Dex+3}
Stlth    ..........             E - amulet "Eczer" {Spirit Str+3 Slay+2}
HPRegen  0.00/turn              d - +2 ring of slaying
MPRegen  0.12/turn              o - ring "Penokhyo" {rC+ Slay+2}

@: berserking, non-regenerating, studying 3 skills, drained, very quick
A: damage resistance, heal wounds, repulsion field 1, agile 1, negative energy
resistance 1, sense surroundings 3, strong 1, MP-powered wands, no regeneration
a: Heal Wounds, Minor Destruction, Lesser Servant of Makhleb, Major Destruction,
Greater Servant of Makhleb, Renounce Religion


You were on level 2 of the Depths.
You worshipped Makhleb.
Makhleb was exalted by your worship.
You were not hungry.

You visited 6 branches of the dungeon, and saw 29 of its levels.
You visited the Abyss 1 time.
You also visited: Gauntlet and Ice Cave.

You collected 3799 gold pieces.
You spent 1424 gold pieces at shops.

Inventory:

Hand Weapons
 O - a +2 executioner's axe of flaming (weapon)
 V - a +5 battleaxe
 X - a +2 battleaxe of electrocution
Armour
 b - a +2 pair of gloves of strength (worn)
 t - the +0 hat of the Good (worn) {rElec rPois}
   (You found it in a Gauntlet)

   It insulates you from electricity.
   It protects you from poison.
 C - cursed quicksilver dragon scales (worn)
 M - the +2 pair of boots "Wolew" (worn) {Dex+3}
   (You acquired it on level 11 of the Dungeon)

   It affects your dexterity (+3).
 W - the +4 cloak "Haelaneh" (worn) {rC- MR+ Slay+3 SInv}
   (You found it in a Gauntlet)

   It affects your accuracy and damage with ranged weapons and melee attacks
   (+3).
   It makes you vulnerable to cold.
   It affects your resistance to hostile enchantments.
   It lets you see invisible.
Jewellery
 d - a +2 ring of slaying (left hand)
 o - the ring "Penokhyo" (right hand) {rC+ Slay+2}
   (You took it off a deep elf annihilator on level 3 of the Elven Halls)

   [ring of slaying]

   It affects your accuracy and damage with ranged weapons and melee attacks
   (+2).
   It protects you from cold.
 E - the amulet "Eczer" (around neck) {Spirit Str+3 Slay+2}
   (You found it on level 4 of the Lair of Beasts)

   [amulet of guardian spirit]

   It causes incoming damage to be split between your health and magic.
   It affects your strength (+3).
   It affects your accuracy and damage with ranged weapons and melee attacks
   (+2).
Wands
 c - a wand of clouds (8)
 j - a wand of iceblast (24)
 s - a wand of disintegration (13)
 u - a wand of paralysis (18)
 w - a wand of digging (18)
 y - a wand of random effects (70)
 D - a wand of enslavement (23)
 G - a wand of flame (65)
 I - a wand of polymorph (12)
 P - a wand of acid (11)
 R - a wand of scattershot (7)
Scrolls
 a - 5 scrolls of fog
 e - a scroll of enchant weapon
 g - a scroll of blinking
 m - 9 scrolls of remove curse
 v - 12 scrolls of teleportation
 x - 4 scrolls of amnesia
 z - a scroll of silence
 A - 4 scrolls of magic mapping (quivered)
 J - 2 scrolls of summoning
 L - a scroll of holy word
 S - 5 scrolls of identify
Potions
 h - a potion of invisibility
 i - 3 potions of haste
 k - 3 potions of brilliance
 n - a potion of mutation
 q - 7 potions of curing
 H - 4 potions of heal wounds
 N - a potion of might
 T - a potion of cancellation
 U - 3 potions of magic
Books
 B - a manual of Staves
 F - a manual of Bows
 Z - a manual of Charms
Miscellaneous
 l - a phantom mirror
 p - a fan of gales
 K - a lightning rod (4/4)
 Y - 2 boxes of beasts
Comestibles
 f - 43 rations
 r - 15 chunks of flesh


   Skills:
 - Level 11.0(10.8) Fighting
 + Level 21.4(21.1) Axes
 - Level 19.0(18.6) Armour
 - Level 11.0(10.7) Dodging
   Level 6.6(6.4) Shields
 - Level 10.3(10.0) Charms
 - Level 15.7(15.4) Invocations
 - Level 5.0(4.8) Evocations


You had 13 spell levels left.
You knew the following spells:

 Your Spells              Type           Power        Failure   Level  Hunger
a - Song of Slaying       Chrm           ###.....     1%          2    ###....
b - Shroud of Golubria    Chrm/Tloc      ##........   9%          2    ###....

Your spell library contained the following spells:

 Spells                   Type           Power        Failure   Level  Hunger
 Infusion                 Chrm           ###.         1%          1    ##.....
 Swiftness                Chrm/Air       ##......     9%          2    ###....
 Ozocubu's Armour         Chrm/Ice       ##......     17%         3    ####...
 Spectral Weapon          Hex/Chrm       ##......     17%         3    ####...
 Animate Skeleton         Necr           N/A          41%         1    ##.....
 Apportation              Tloc           #.....       41%         1    ##.....
 Beastly Appendage        Tmut           #.....       41%         1    ##.....
 Confusing Touch          Hex            #.....       41%         1    ##.....
 Freeze                   Ice            #...         41%         1    ##.....
 Magic Dart               Conj           #...         41%         1    ##.....
 Pain                     Necr           #...         41%         1    ##.....
 Shock                    Conj/Air       #...         41%         1    ##.....
 Sting                    Conj/Pois      #...         41%         1    ##.....
 Summon Butterflies       Summ           #.......     41%         1    ##.....
 Summon Small Mammal      Summ           #...         41%         1    ##.....
 Blink                    Tloc           N/A          56%         2    ###....
 Call Imp                 Summ           #.......     56%         2    ###....
 Ensorcelled Hibernation  Hex/Ice        #.....       56%         2    ###....
 Searing Ray              Conj           #.....       56%         2    ###....
 Slow                     Hex            #.......     56%         2    ###....
 Sticks to Snakes         Tmut           #.......     56%         2    ###....
 Sublimation of Blood     Necr           #.........   56%         2    ###....
 Throw Flame              Conj/Fire      #.....       56%         2    ###....
 Throw Frost              Conj/Ice       #.....       56%         2    ###....
 Call Canine Familiar     Summ           #.......     80%         3    ####...
 Confuse                  Hex            #.......     80%         3    ####...
 Conjure Flame            Conj/Fire      #.......     80%         3    ####...
 Dazzling Spray           Conj/Hex       #.....       80%         3    ####...
 Gell's Gravitas          Tloc           #.........   80%         3    ####...
 Ignite Poison            Fire/Tmut/Pois #.......     80%         3    ####...
 Lesser Beckoning         Tloc           #.........   80%         3    ####...
 Mephitic Cloud           Conj/Pois/Air  #.......     80%         3    ####...
 Spider Form              Tmut/Pois      #.........   80%         3    ####...
 Static Discharge         Conj/Air       #.......     80%         3    ####...
 Tukima's Dance           Hex            #.......     80%         3    ####...
 Vampiric Draining        Necr           #.........   80%         3    ####...
 Airstrike                Air            #.........   99%         4    #####..
 Animate Dead             Necr           N/A          99%         4    #####..
 Cause Fear               Hex            #.........   99%         4    #####..
 Force Lance              Conj/Tloc      #.......     99%         4    #####..
 Fulminant Prism          Conj/Hex       #.........   99%         4    #####..
 Ice Form                 Ice/Tmut       #.......     99%         4    #####..
 Iskenderun's Mystic Bla  Conj           #.......     99%         4    #####..
 Leda's Liquefaction      Hex/Erth       #.........   99%         4    #####..
 Passage of Golubria      Tloc           N/A          99%         4    #####..
 Petrify                  Tmut/Erth      #.......     99%         4    #####..
 Summon Ice Beast         Ice/Summ       #.......     99%         4    #####..
 Throw Icicle             Conj/Ice       #.......     99%         4    #####..
 Alistair's Intoxication  Tmut/Pois      #.......     100%        5    ######.
 Blade Hands              Tmut           #.........   100%        5    ######.
 Bolt of Magma            Conj/Fire/Erth #.........   100%        5    ######.
 Irradiate                Conj/Tmut      #.........   100%        5    ######.
 Lightning Bolt           Conj/Air       #.........   100%        5    ######.
 Metabolic Englaciation   Hex/Ice        #.........   100%        5    ######.
 Silence                  Hex/Air        #.........   100%        5    ######.
 Summon Mana Viper        Hex/Summ       #.......     100%        5    ######.
 Yara's Violent Unravell  Hex/Tmut       #.........   100%        5    ######.
 Deflect Missiles         Chrm/Air       ##........   100%        6    #######
 Invisibility             Hex            #.......     100%        6    #######
 Iron Shot                Conj/Erth      #.........   100%        6    #######
 Ozocubu's Refrigeration  Ice            #.........   100%        6    #######
 Statue Form              Tmut/Erth      #........    100%        6    #######
 Spellforged Servitor     Conj/Summ      #.........   100%        7    #######
 Summon Hydra             Summ           #.........   100%        7    #######
 Discord                  Hex            #.........   100%        8    #######
 Disjunction              Tloc           #.........   100%        8    #######
 Shatter                  Erth           #.........   100%        9    #######
 Regeneration             Chrm/Necr      Unusable     N/A         3    N/A

Dungeon Overview and Level Annotations

Branches:
Dungeon (15/15)            Temple (1/1) D:4            Lair (6/6) D:9
 Shoals (0/4) Lair:3        Snake (0/4) Lair:4        Slime (0/5) Lair:6
    Orc (2/2) D:10            Elf (3/3) Orc:2        Vaults (0/5) D:14
 Depths (2/5) D:15

Altars:
Ashenzari
Cheibriados
Dithmenos
Elyvilon
Fedhas
Gozag
Kikubaaqudgha
Makhleb
Nemelex Xobeh
Qazlal
Ru
Sif Muna
Wu Jian
Xom
Yredelemnul
Zin
The Shining One
Jiyva

Shops:
D:5 (   D:10 %   D:11 (?   Orc:1 =   Orc:2 (*!:   Depths:2 [

Portals:
Hell: Depths:1 Depths:2
Abyss: Depths:1
Pandemonium: Depths:1

Annotations:
D:4 3 runed doors, indyram44's ghost, amateur GrGl; kiwi3s's ghost, novice MiBe
Lair:1 exclusion: 2 oklob plants
Lair:2 exclusion: oklob plant
Elf:2 1 runed door
Depths:2 Margery


Innate Abilities, Weirdness & Mutations

You are resistant to damage.
You can heal yourself by infusing magical energy.
You resist negative energy. (rN+)
You passively map a large area around you.
You do not regenerate.
You are surrounded by a mild repulsion field. (EV +2)
You are agile. (Dex +2)
Your muscles are strong. (Str +2)
You expend magic power (3 MP) to strengthen your wands.


Message History

You kill the hell knight!
Makhleb accepts your kill.
You feel better.
You barely miss the hell knight. Margery gestures at you while chanting.
The fireball explodes!
The fireball engulfs you!
* * * LOW HITPOINT WARNING * * *
The fireball engulfs the hell knight.
The hell knight completely resists.
The hell knight misses you.
You cut the hell knight into ribbons!!!
You kill the hell knight!
Makhleb accepts your kill.
You feel better.
You slash the hell knight!
The hell knight hits you but does no damage.
You partially resist.
You feel drained.
Margery points at you and mumbles some strange words.
The fireball explodes!
The fireball engulfs the hell knight.
The hell knight completely resists.
The fireball engulfs the hell knight.
The hell knight completely resists.
The fireball engulfs Margery.
Margery resists.
The fireball engulfs you!
You die...

, ..≈....................... *
..≈≈.≈.......≈≈≈.#....≈≈.....
*
..≈≈.............#....≈≈≈≈.≈≈
*
#..............≈...........≈.
*
#.............≈≈≈≈≈.......≈≈.
,.........≈≈....≈≈≈.........≈.
,
...............§≈≈.......#...
....≈.≈..#p#)§§≈≈≈....#<.##(#
, , .........(∩p@....§.. ** ,,
,..#......#@#)..#...#, , ,
##...#...#####...#, *
#.)p##### *### *##.. ** ,
,..., ,, * .... ,, ..... *
#∩..8.


You could see Margery and 2 hell knights.

Vanquished Creatures
  An Ice Fiend (Depths:1)
  3 deep elf blademasters (Elf:3)
  A deep elf master archer (Elf:3)
  A shadow dragon (Abyss:3)
  2 fire giants
  3 frost giants
  6 deep elf sorcerers
  Louise (Elf:3)
  3 ghouls (D:14)
  A deep elf elementalist (Elf:3)
  3 very ugly things (Depths:1)
  10 stone giants
  8 deep elf demonologists
  10 deep elf annihilators
  6 dire elephants (Lair:6)
  A minotaur (Gauntlet)
  Snorg (Orc:2)
  2 ettins
  2 deep elf death magi (Elf:3)
  6 deep elf high priests (Elf:3)
  2 great orbs of eyes
  2 fire dragons (Depths:1)
  3 vault guards (D:14)
  5 hydras
  2 ice dragons (Depths:2)
  A spriggan air mage (Depths:2)
  An anaconda (Lair:6)
  2 centaur warriors (Depths:2)
  5 two-headed ogres
  20 dancing weapons
  13 death yaks
  A deep troll shaman (Depths:1)
  2 death scarabs (Gauntlet)
  5 ogre magi
  3 tengu warriors
  5 orc high priests (Orc:2)
  13 deep elf knights
  A fire crab (shapeshifter) (Elf:1)
  A sixfirhy (Gauntlet)
  3 hell knights (Depths:2)
  An iron troll (Depths:1)
  A skeletal warrior (D:14)
  An unseen horror (D:14)
  2 deep trolls (Depths:1)
  A glowing orange brain (Depths:2)
  A wizard (D:15)
  7 deep elf archers
  9 orc knights (Orc:2)
  A necromancer (D:12)
  An orb spider (shapeshifter) (D:14)
  54 deep elf magi
  2 orc sorcerers (Orc:2)
  16 ugly things
  2 cyclopes
  A mana viper (shapeshifter) (Depths:1)
  A manticore (D:11)
  2 merfolk sirens (Lair:3)
  Maurice (D:8)
  3 ice statues
  4 elephants (Lair:6)
  A guardian serpent (shapeshifter) (D:13)
  A smoke demon (Gauntlet)
  5 black mambas
  Joseph (D:7)
  4 centaur skeletons
  10 yaktaurs
  3 gargoyles
  8 spiny frogs
  9 rime drakes
  7 komodo dragons
  3 freezing wraiths (Depths:1)
  2 ice devils (Depths:1)
  A small abomination (Elf:3)
  A guardian mummy (D:14)
  2 merfolk (Lair:3)
  6 trolls
  3 tengu conjurers
  17 polar bears
  A hornet (shapeshifter) (Elf:1)
  9 slime creatures
  A raiju (shapeshifter) (Elf:2)
  15 blink frogs
  12 hippogriffs
  A centaur simulacrum (D:15)
  An air elemental (Elf:2)
  A wraith (D:14)
  A tarantella (shapeshifter) (Elf:1)
  2 wyverns
  Eustachio (D:4)
  7 water elementals
  60 yaks
  A vampire (D:13)
  2 basilisks
  2 hogs (D:8)
  A hog (shapeshifter) (Depths:1)
  A fire elemental (Elf:2)
  9 humans
  2 vampire mosquitoes (D:10)
  A soldier ant (D:14)
  7 wargs
  5 nagas (Lair:4)
  9 water moccasins
  6 porcupines
  Duvessa (D:7)
  53 orc warriors
  14 ice beasts
  2 eyes of draining (D:12)
  19 ogres
  A black bear (shapeshifter) (Depths:1)
  A phantom (D:9)
  A black bear (D:9)
  16 wolves
  A necrophage (D:9)
  2 sky beasts
  9 boggarts
  10 centaurs
  11 crocodiles
  3 big kobolds
  18 bullfrogs
  3 earth elementals
  A gnoll sergeant (D:9)
  Dowan (D:7)
  2 wyvern zombies
  A water moccasin zombie (D:10)
  21 killer bees
  8 wights
  3 electric eels
  10 crimson imps
  2 quasits
  8 centaur zombies
  3 bullfrog zombies
  7 hounds
  3 jellies
  29 orc priests
  An iron imp (Depths:1)
  36 orc wizards
  2 bullfrog skeletons
  4 iguanas
  11 worker ants
  A hound skeleton (D:9)
  A worker ant zombie (D:10)
  3 mummies (D:14)
  4 gnolls (D:9)
  12 adders
  3 shadow imps
  4 white imps
  2 oozes
  An adder zombie (D:7)
  2 adder skeletons (D:5)
  A dart slug (D:3)
  5 leopard geckos
  84 orcs
  4 giant cockroaches
  6 goblins
  13 hobgoblins
  8 jackals
  4 quokkas
  9 bats
  4 frilled lizards
  A jackal skeleton (D:4)
  A jackal zombie (D:5)
  23 kobolds
  A quokka skeleton (D:4)
  A quokka zombie (D:7)
  5 rats
  2 crawling corpses (Elf:3)
  2 fungi (Lair:3)
  4 plants
1043 creatures vanquished.

Vanquished Creatures (collateral kills)
  Rupert (Lair:4)
  An orc knight (Orc:2)
  2 rime drakes (Lair:4)
  A hippogriff (Lair:4)
  An ice beast (Lair:2)
  An orc warrior (Orc:2)
  A bullfrog (Lair:4)
  An orc (Orc:2)
  A fungus (Lair:5)
10 creatures vanquished.

Vanquished Creatures (others)
  Asterion (Elf:3)
  A stone giant (Depths:2)
  A spiny frog (Lair:4)
  A human (D:14)
  2 ice beasts (Lair:1)
  A boggart (Depths:2)
  A crimson imp (Gauntlet)
  6 fungi
  4 plants
  5 withered plants (D:4)
23 creatures vanquished.

Grand Total: 1076 creatures vanquished

Notes
Turn   | Place    | Note
-------+----------+-------------------------------------------
     0 | D:1      | AverageBear the Deep Dwarf Fighter began the quest for the
                  | Orb.
     0 | D:1      | Reached XP level 1. HP: 20/20 MP: 1/1
   119 | D:1      | Reached skill level 3 in Axes
   132 | D:1      | Reached XP level 2. HP: 25/27 MP: 2/2
   437 | D:2      | Reached XP level 3. HP: 26/33 MP: 3/3
   453 | D:2      | Reached skill level 4 in Axes
   616 | D:2      | Found a glowing golden altar of the Shining One.
  1028 | D:2      | Reached XP level 4. HP: 40/40 MP: 4/4
  1507 | D:3      | Found an opulent altar of Gozag.
  1525 | D:3      | Reached skill level 5 in Axes
  1815 | D:3      | Found an ancient bone altar of Kikubaaqudgha.
  1825 | D:3      | Found a deep blue altar of Sif Muna.
  1825 | D:3      | Found a glowing silver altar of Zin.
  1827 | D:3      | Found a sparkling altar of Nemelex Xobeh.
  2069 | D:4      | Reached XP level 5. HP: 38/46 MP: 5/5
  2242 | D:4      | Reached skill level 6 in Axes
  2265 | D:4      | Found a staircase to the Ecumenical Temple.
  2532 | Temple   | Entered the Ecumenical Temple
  2551 | Temple   | Became a worshipper of Makhleb the Destroyer
  2601 | D:4      | Found a runed gate.
  2601 | D:4      | Found a runed gate.
  2601 | D:4      | Found a runed gate.
  2601 | D:4      | Noticed indyram44's ghost (amateur GrGl)
  2644 | D:4      | Noticed Eustachio
  2670 | D:4      | Killed Eustachio
  2670 | D:4      | Reached skill level 7 in Axes
  2670 | D:4      | Reached XP level 6. HP: 29/55 MP: 6/6
  2754 | D:4      | Noticed kiwi3s's ghost (novice MiBe)
  2927 | D:4      | Reached skill level 8 in Axes
  3062 | D:5      | Entered Level 5 of the Dungeon
  3172 | D:5      | Reached XP level 7. HP: 29/61 MP: 7/7
  3201 | D:5      | Reached skill level 5 in Armour
  3417 | D:5      | Reached XP level 8. HP: 15/68 MP: 7/7
  3450 | D:5      | Gained mutation: You have sharp toenails. [potion of
                  | mutation]
  3450 | D:5      | Gained mutation: Your flesh is heat resistant. (rF+)
                  | [potion of mutation]
  3537 | D:5      | Found Bajybb's Weapon Shop.
  3973 | D:6      | Reached * piety under Makhleb
  4196 | D:6      | Reached skill level 1 in Dodging
  4597 | D:7      | Noticed Joseph
  4625 | D:7      | Killed Joseph
  4711 | D:7      | Gained mutation: You passively map the area around you.
                  | [Deep Dwarf growth]
  4711 | D:7      | Reached XP level 9. HP: 41/74 MP: 6/6
  4738 | D:7      | Found a shadowy altar of Dithmenos.
  4738 | D:7      | Found a sacrificial altar of Ru.
  4831 | D:7      | Reached skill level 5 in Shields
  5034 | D:7      | Noticed Dowan
  5037 | D:7      | Noticed Duvessa
  5043 | D:7      | Killed Duvessa
  5043 | D:7      | Reached ** piety under Makhleb
  5044 | D:7      | Killed Dowan
  5300 | D:8      | Reached skill level 9 in Axes
  5431 | D:8      | Reached skill level 10 in Axes
  5506 | D:8      | Reached skill level 11 in Axes
  5506 | D:8      | Reached XP level 10. HP: 74/81 MP: 7/7
  5582 | D:8      | Reached *** piety under Makhleb
  5729 | D:8      | Noticed Maurice
  5774 | D:8      | Found a shimmering altar of Xom.
  6274 | D:8      | Killed Maurice
  6382 | D:9      | Found an ornate altar of the Wu Jian Council.
  6426 | D:9      | Reached skill level 10 in Armour
  6625 | D:9      | Found a staircase to the Lair.
  6919 | D:10     | Entered Level 10 of the Dungeon
  6977 | D:10     | Found Ewnaycli's Food Boutique.
  7086 | D:10     | Got a warped trident
  7267 | D:10     | Reached **** piety under Makhleb
  7281 | D:10     | Found a staircase to the Orcish Mines.
  7318 | D:10     | HP: 2/81 [large slime creature (22)]
  7364 | Lair:1   | Entered Level 1 of the Lair of Beasts
  7517 | Lair:1   | Noticed an oklob plant
  7517 | Lair:1   | Noticed an oklob plant
  7571 | Lair:1   | Noticed an eight-headed hydra
  7625 | Lair:1   | Found a frozen archway.
  7636 | IceCv    | Entered an ice cave
  7668 | IceCv    | Reached XP level 11. HP: 54/92 MP: 6/6
  7724 | IceCv    | Reached skill level 5 in Fighting
  7938 | IceCv    | Reached skill level 12 in Axes
  8399 | IceCv    | Noticed a death yak
  8399 | IceCv    | Noticed a death yak
  8412 | IceCv    | Reached skill level 13 in Axes
  8427 | IceCv    | Killed a death yak
  8427 | IceCv    | Reached ***** piety under Makhleb
  8435 | IceCv    | Killed a death yak
  8483 | IceCv    | Reached skill level 14 in Axes
  8509 | IceCv    | Noticed a death yak
  8509 | IceCv    | Noticed a frost giant
  8525 | IceCv    | Killed a frost giant
  8525 | IceCv    | Reached XP level 12. HP: 81/105 MP: 0/6
  8538 | IceCv    | Killed a death yak
  8562 | IceCv    | Reached skill level 15 in Axes
  8705 | Lair:2   | Found a basalt altar of Yredelemnul.
  8705 | Lair:2   | Noticed a seven-headed hydra
  8741 | Lair:2   | Killed a 15-headed hydra
  9051 | Lair:2   | Noticed a death yak
  9051 | Lair:2   | Noticed a death yak
  9052 | Lair:2   | Noticed a death yak
  9052 | Lair:2   | Noticed a death yak
  9399 | D:10     | Reached skill level 16 in Axes
  9690 | D:10     | Identified the cursed +1 trident of Vigry {speed, rN+
                  | Str+2} (You found it on level 10 of the Dungeon)
  9727 | Orc:1    | Entered Level 1 of the Orcish Mines
  9727 | Orc:1    | Found Awnehobi's Jewellery Shop.
  9906 | Orc:2    | Entered Level 2 of the Orcish Mines
  9907 | Orc:2    | Noticed an ettin
  9942 | Orc:1    | Killed an ettin
  9962 | Orc:2    | Noticed a two-headed ogre
  9976 | Orc:2    | Killed a two-headed ogre
 10022 | Orc:2    | Reached skill level 1 in Evocations
 10062 | Orc:2    | Found a staircase to the Elven Halls.
 10146 | Orc:2    | Reached skill level 5 in Evocations
 10437 | Orc:2    | Reached skill level 1 in Invocations
 10438 | Orc:2    | Noticed an orc high priest
 10468 | Orc:2    | Reached ****** piety under Makhleb
 10476 | Orc:2    | Reached XP level 13. HP: 60/111 MP: 0/8
 10735 | Orc:2    | Reached skill level 5 in Invocations
 11218 | Orc:2    | Noticed an Executioner
 11270 | Orc:2    | Lost mutation: You have sharp toenails. [potion of
                  | mutation]
 11270 | Orc:2    | Lost mutation: Your flesh is heat resistant. (rF+) [potion
                  | of mutation]
 11270 | Orc:2    | Gained mutation: Your flesh is cold resistant. (rC+)
                  | [potion of mutation]
 11270 | Orc:2    | Gained mutation: You are occasionally teleported next to
                  | monsters. [potion of mutation]
 11270 | Orc:2    | Gained mutation: You are dopey. (Int -2) [potion of
                  | mutation]
 11270 | Orc:2    | Gained mutation: Your flesh is very cold resistant. (rC++)
                  | [potion of mutation]
 11271 | Orc:2    | Lost mutation: Your flesh is very cold resistant. (rC++)
                  | [potion of mutation]
 11271 | Orc:2    | Lost mutation: You are dopey. (Int -2) [potion of mutation]
 11271 | Orc:2    | Gained mutation: You are frail. (-10% HP) [potion of
                  | mutation]
 11271 | Orc:2    | Gained mutation: You have large cloven feet. [potion of
                  | mutation]
 11272 | Orc:2    | Lost mutation: Your flesh is cold resistant. (rC+) [potion
                  | of mutation]
 11272 | Orc:2    | Lost mutation: You are occasionally teleported next to
                  | monsters. [potion of mutation]
 11272 | Orc:2    | Lost mutation: You are frail. (-10% HP) [potion of
                  | mutation]
 11272 | Orc:2    | Gained mutation: You are partially covered in large bone
                  | plates. (SH +4) [potion of mutation]
 11272 | Orc:2    | Gained mutation: You are frail. (-10% HP) [potion of
                  | mutation]
 11272 | Orc:2    | Gained mutation: You are surrounded by a mild repulsion
                  | field. (EV +2) [potion of mutation]
 11317 | Orc:1    | Noticed Snorg
 11318 | Orc:1    | Noticed a stone giant
 11327 | Orc:2    | Killed Snorg
 11360 | Orc:1    | Killed a stone giant
 11664 | Orc:2    | Gained mutation: Potions are less effective at restoring
                  | your health. [a neqoxec]
 11756 | Orc:2    | Found Xysidd's Book Shoppe.
 11756 | Orc:2    | Found Qinlagust's Weapon Shoppe.
 11757 | Orc:2    | Found Qeykoly's Distillery.
 11757 | Orc:2    | Found Jifomn's General Store.
 11765 | Orc:2    | Bought a +0 pair of gloves for 72 gold pieces
 12200 | Elf:1    | Entered Level 1 of the Elven Halls
 13128 | Lair:3   | Found a staircase to the Shoals.
 13153 | Lair:3   | Reached skill level 15 in Armour
 13228 | Lair:3   | Gained mutation: You resist negative energy. (rN+) [Deep
                  | Dwarf growth]
 13228 | Lair:3   | Reached XP level 14. HP: 105/108 MP: 0/6
 13404 | Lair:3   | You fall through a shaft for 3 floors!
 13404 | Lair:6   | Entered Level 6 of the Lair of Beasts
 13469 | Lair:5   | Reached skill level 10 in Dodging
 13634 | Lair:5   | Lost mutation: You are partially covered in large bone
                  | plates. (SH +4) [potion of mutation]
 13634 | Lair:5   | Lost mutation: You are frail. (-10% HP) [potion of
                  | mutation]
 13634 | Lair:5   | Lost mutation: You have large cloven feet. [potion of
                  | mutation]
 13634 | Lair:5   | Lost mutation: Potions are less effective at restoring your
                  | health. [potion of mutation]
 13634 | Lair:5   | Gained mutation: You expend magic power (3 MP) to
                  | strengthen your wands. [potion of mutation]
 13634 | Lair:5   | Gained mutation: You are agile. (Dex +2) [potion of
                  | mutation]
 13634 | Lair:5   | Gained mutation: Your muscles are strong. (Str +2) [potion
                  | of mutation]
 13779 | Lair:4   | Noticed Rupert
 13853 | Lair:4   | Killed Rupert
 14002 | Lair:4   | Got an ancient lapis lazuli ring
 14004 | Lair:4   | Identified the ring of Fatigue {*Drain MR+ MP+9 Str-5
                  | Int+4} (You found it on level 4 of the Lair of Beasts)
 14119 | Lair:4   | Got a translucent sapphire amulet
 14134 | Lair:4   | Identified the amulet "Eczer" {Spirit Str+3 Slay+2} (You
                  | found it on level 4 of the Lair of Beasts)
 14362 | Lair:4   | Found a staircase to the Snake Pit.
 14774 | Lair:3   | You fall through a shaft for 2 floors!
 15577 | Lair:6   | Found a viscous altar of Jiyva.
 15578 | Lair:6   | Found a staircase to the Slime Pits.
 15950 | Lair:6   | Reached skill level 10 in Fighting
 16473 | Lair:6   | Reached XP level 15. HP: 140/140 MP: 0/7
 16854 | D:11     | Found Ynuilo's Magic Scroll Emporium.
 16872 | D:11     | Bought a scroll of acquirement for 676 gold pieces
 16875 | D:11     | Got a dazzling war axe
 16876 | D:11     | Identified the +3 war axe of No Interval {flame, Stlth+}
                  | (You acquired it on level 11 of the Dungeon)
 16877 | D:11     | Bought a scroll of acquirement for 676 gold pieces
 16880 | D:11     | Got a pair of spiked boots
 16886 | D:11     | Identified the +2 pair of boots "Wolew" {Dex+3} (You
                  | acquired it on level 11 of the Dungeon)
 16953 | D:11     | Found Hiblauhe's Antique Weapon Shop.
 17840 | D:12     | Found a transporter.
 17949 | D:12     | Identified the ring of the Locust {Ice +Blink Int-3 Dex+4}
 17954 | D:12     | Found a deep blue altar of Sif Muna.
 18262 | D:12     | Reached skill level 17 in Axes
 18348 | D:12     | Found a transporter.
 18629 | D:13     | Reached skill level 18 in Axes
 18735 | D:13     | Got a steaming garnet amulet
 18994 | D:13     | You fall through a shaft!
 19291 | D:14     | Reached skill level 19 in Axes
 19465 | D:14     | Found a gate to the Vaults.
 19662 | D:14     | Reached skill level 20 in Axes
 19922 | D:15     | Entered Level 15 of the Dungeon
 19959 | D:15     | Found a staircase to the Depths.
 19973 | D:15     | Noticed a fire giant
 19989 | D:15     | Killed a fire giant
 19990 | D:15     | Found a gate leading to a gauntlet.
 20004 | Gauntlet | Entered a Gauntlet
 20004 | Gauntlet | Found a transporter.
 20004 | Gauntlet | Found a transporter.
 20005 | Gauntlet | Identified the amulet "Vaus Gom" {Faith Str+2} (You found
                  | it on level 13 of the Dungeon)
 20022 | Gauntlet | Found a transporter.
 20024 | Gauntlet | Found a transporter.
 20062 | Gauntlet | Got a polished hat
 20079 | Gauntlet | Found a transporter.
 20096 | Gauntlet | Found a transporter.
 20128 | Gauntlet | Found a transporter.
 20146 | Gauntlet | Got an ichor-stained cloak
 20150 | Gauntlet | Identified the +4 cloak "Haelaneh" {rC- MR+ Slay+3 SInv}
                  | (You found it in a Gauntlet)
 20161 | Gauntlet | Identified the +0 hat of the Good {rElec rPois} (You found
                  | it in a Gauntlet)
 20175 | Gauntlet | Found a transporter.
 20182 | Gauntlet | Identified the +5 dagger of the Lonely Tables {holy,
                  | Fragile MR+ Dex+3}
 20193 | Gauntlet | Reached skill level 21 in Axes
 20448 | D:15     | Reached XP level 16. HP: 115/148 MP: 0/7
 20736 | Depths:1 | Entered Level 1 of the Depths
 21904 | Elf:2    | Found a runed door.
 21929 | Elf:2    | Found a runed door.
 22460 | Elf:2    | Reached XP level 17. HP: 122/154 MP: 0/8
 22853 | Elf:3    | Entered Level 3 of the Elven Halls
 22876 | Elf:3    | Reached skill level 10 in Invocations
 22937 | Elf:3    | Noticed a Tzitzimitl
 22942 | Elf:3    | Cast into level 3 of the Abyss (a deep elf demonologist)
 23044 | Elf:3    | Escaped the Abyss
 23044 | Elf:3    | Noticed a deep elf blademaster
 23046 | Elf:3    | Noticed a Brimstone Fiend
 23056 | Elf:3    | Noticed an Ice Fiend
 23059 | Elf:3    | Noticed a deep elf blademaster
 23061 | Elf:3    | Killed a deep elf blademaster
 23066 | Elf:3    | Noticed a deep elf master archer
 23066 | Elf:3    | Noticed Louise
 23074 | Elf:3    | Identified the Tome of Excruciating Displacement
 23201 | Elf:3    | Noticed Asterion
 23211 | Elf:3    | Killed Asterion
 23487 | Elf:3    | Killed a deep elf master archer
 23563 | Elf:3    | Noticed a Hell Sentinel
 23564 | Elf:3    | Noticed a Hell Sentinel
 23575 | Elf:3    | Noticed a deep elf blademaster
 23581 | Elf:3    | Noticed a Brimstone Fiend
 23586 | Elf:3    | Killed Louise
 23587 | Elf:3    | Noticed a Hell Sentinel
 23588 | Elf:3    | Noticed a Hell Sentinel
 23592 | Elf:3    | Killed a deep elf blademaster
 23594 | Elf:3    | Noticed an Ice Fiend
 23599 | Elf:3    | Identified the cursed +1 hand axe of Kismet {speed, Str+4
                  | Int+4}
 23599 | Elf:3    | Identified the ring "Penokhyo" {rC+ Slay+2}
 23616 | Elf:3    | Reached skill level 15 in Invocations
 23619 | Elf:3    | Identified the +1 pair of gloves of Ammul {+Inv rPois Str-4
                  | Stlth+} (You found it on level 3 of the Elven Halls)
 23653 | Elf:3    | Killed a deep elf blademaster
 23746 | Elf:3    | Identified the Reference Book on Cold and Heat
 23776 | Elf:3    | Noticed an Ice Fiend
 23784 | Elf:3    | Identified the Almanac of Harmful Self-Improvement
 24334 | Depths:1 | Reached skill level 1 in Charms
 24337 | Depths:1 | Gained mutation: You passively map a large area around you.
                  | [Deep Dwarf growth]
 24337 | Depths:1 | Reached XP level 18. HP: 153/163 MP: 0/13
 24350 | Depths:1 | Reached skill level 5 in Charms
 24443 | Depths:1 | Noticed an Ice Fiend
 24454 | Depths:1 | Killed an Ice Fiend
 24476 | Depths:1 | Found a one-way gate to the infinite horrors of the Abyss.
 24622 | Depths:1 | Found a one-way gate leading to the halls of Pandemonium.
 24688 | Depths:1 | Found a gateway to Hell.
 24739 | Depths:1 | Reached skill level 10 in Charms
 24833 | Depths:1 | Learned a level 2 spell: Song of Slaying
 24836 | Depths:1 | Learned a level 2 spell: Shroud of Golubria
 25377 | Depths:2 | Found Doiwn's Antique Armour Boutique.
 25384 | Depths:2 | Noticed Margery
 25408 | Depths:2 | Killed from afar by Margery

Vault maps used:
D:1:      lightli_arrival_noodles, fountainhead
D:2:      nicolae_overflow_hidden_temple
D:3:      minitemple, first_ration, grunt_gozag_breadcrumbs
D:4:      minmay_temple_entry_enclosed_plants, gammafunk_ghost_cemetery,
          kennysheep_big_empty_room, uniq_eustachio
D:5:      cheibrodos_quashed, serial_shops, shop, grunt_ministairs_14
D:6:      serial_glass, glass_columns_b, glass_columns_b, feat_on_display,
          minmay_strange_pillars, feat_on_display, minmay_strange_pillars
D:7:      chequers_temple_overflow_statue_of_worship, st_stairs_4, uniq_joseph,
          uniq_duvessa
D:8:      minmay_spotlight, kennysheep_mini, grunt_livestock,
          wad_rectangle_vault, uniq_maurice
D:9:      lemuel_doored_altar, lair_entry_dummy,
          minmay_fractal_squares_gapless_5
D:10:     david_orc_1_choice, serial_shops, nicolae_shop_trees,
          eino_small_chamber_without_monster, wad_floor_pattern_untrapped
D:11:     serial_shops, nicolae_shop_crystal, shop_fountains, nooodl_orcs_dogs
D:12:     gammafunk_sealed_library
D:14:     ximxim_vaults_locker_room, serial_undead, serial_undead_a,
          serial_undead_a, serial_undead_d, serial_undead_a, serial_undead_c,
          serial_undead_e, serial_undead_a, serial_undead_a,
          hangedman_abyss_or_decor_passed
D:15:     grunt_enter_depths_giant_problem, gauntlet_entry_generic,
          minmay_misc_feat_chi
Temple:   dshaligram_water_room_temple
Lair:1:   portal_ice_cave_entry_ice_beasts, minivault_26, grunt_megastairs_1,
          infiniplex_staircase_pool_2, minmay_lair_oklob_chamber
Lair:2:   st_stairs_7, lemuel_oklob_altar, grunt_megastairs_5
Lair:3:   elwin_shoals_entry_stream
Lair:4:   minmay_snake_entry_guardpost_medium, serial_bayou_pond_e,
          minmay_lair_drake_nest, uniq_rupert
Lair:5:   cheibrodos_lair_lostbears
Lair:6:   due_jungle_book, dpeg_slime_entry_enclosed_altar, columned_hall_lemuel
Orc:1:    serial_shops, nicolae_shop_statue_plus, uniq_snorg
Orc:2:    st_orc_pillars
Elf:1:    minmay_elf_arrival_circle, hangedman_elf_represent, minivault_14,
          billiards_dpeg
Elf:3:    minmay_elf_hall_not_hex, uniq_louise, uniq_asterion
Depths:1: kennysheep_cluttered_room, rand_demon_pan_entry_9, abyss_entry,
          hell_entry, kennysheep_donut, st_stairs_11, ice2_lemuel
Depths:2: minmay_sliced_demisemicircle, enter_ziggurat_c, serial_shops,
          nicolae_shop_behind_doors, minmay_misc_feat_roman, grunt_metal_band
Abyss:3:  minivault_27, hangedman_abyss_stitches_cave
IceCv:    ice_cave_caverns_01
Gauntlet: gammafunk_gauntlet_hard_choice

Skill      XL: |  1  2  3  4  5  6  7  8  9 10 11 12 13 14 15 16 17 18 |
---------------+-------------------------------------------------------+-----
Axes           | 3 4 5 7 8 11 14 16 21 | 21.4
Armour         | 4 7 8 12 15 18 19 | 19.0
Dodging        | 6 8 9 11 | 11.0
Shields        | 4 6 |  6.6
Fighting       | 4 6 10 11 | 11.0
Evocations     | 5 |  5.0
Invocations    | 2 6 15 | 15.7
Charms         | 2 10 | 10.3

Action                   |  1- 3 |  4- 6 |  7- 9 | 10-12 | 13-15 | 16-18 || total
-------------------------+-------+-------+-------+-------+-------+-------++-------
Melee: War axe           |   116 |   141 |   315 |   764 |  1570 |   223 ||  3129
       Kick              |       |       |    64 |   264 |   221 |       ||   549
       Battleaxe         |       |       |       |       |       |   460 ||   460
       Executioner's axe |       |       |       |       |       |    79 ||    79
Invok: Lesser Servant of |       |       |       |     2 |       |       ||     2
       Greater Servant o |       |       |       |       |     4 |       ||     4
 Abil: Heal Wounds       |     1 |     2 |     7 |    12 |    15 |    11 ||    48
Evoke: Wand              |       |       |       |    11 |    21 |     4 ||    36
       Lightning rod     |       |       |       |       |       |     1 ||     1
  Use: Scroll            |     5 |     1 |    11 |     6 |    21 |    12 ||    56
       Potion            |       |     1 |     8 |     9 |    10 |    11 ||    39
 Stab: Invisible         |       |       |       |       |     2 |       ||     2
       Distracted        |       |       |       |       |       |     1 ||     1
  Eat: Chunk             |       |     5 |     7 |    13 |    30 |    14 ||    69
       Ration            |       |     1 |       |     1 |     1 |     1 ||     4
Armor: Scale mail        |    49 |    67 |    43 |       |       |       ||   159
       Plate armour      |       |       |    96 |   468 |    68 |       ||   632
       Skin              |       |       |    12 |    32 |       |       ||    44
       Chain mail        |       |       |       |       |   370 |   320 ||   690
       Quicksilver drago |       |       |       |       |       |   118 ||   118
Dodge: Dodged            |    48 |    48 |   144 |   418 |   782 |   619 ||  2059
Block: Shield            |    68 |    69 |       |       |       |       ||   137
       Buckler           |       |       |    83 |   230 |   387 |    60 ||   760

Table legend:
 A = Non-vault XP
 B = Vault XP
 C = Vault XP percentage of total XP
 D = Non-vault monster count
 E = Vault monster count
 F = Vault count percentage of total count
                 A         B        C        D         E       F
            +---------+---------+-------+---------+---------+-------
      Total |  179736 |  159199 |  47.0 |     690 |     357 |  34.1
            +---------+---------+-------+---------+---------+-------
        D:1 |      31 |       0 |   0.0 |      18 |       0 |   0.0
        D:2 |      67 |       0 |   0.0 |      18 |       0 |   0.0
        D:3 |      66 |       0 |   0.0 |      22 |       0 |   0.0
        D:4 |     276 |     202 |  42.3 |      10 |       1 |   9.1
        D:5 |     833 |      16 |   1.9 |      26 |       2 |   7.1
        D:6 |     603 |       0 |   0.0 |      12 |       0 |   0.0
        D:7 |     654 |     776 |  54.3 |      15 |       4 |  21.1
        D:8 |    1382 |    1843 |  57.1 |      26 |      12 |  31.6
        D:9 |    1096 |     278 |  20.2 |      20 |       4 |  16.7
       D:10 |    3663 |     493 |  11.9 |      38 |       8 |  17.4
       D:11 |    4157 |    1313 |  24.0 |      35 |      12 |  25.5
       D:12 |    2481 |    5397 |  68.5 |      15 |      14 |  48.3
       D:13 |    5871 |       0 |   0.0 |      38 |       0 |   0.0
       D:14 |    4662 |   12967 |  73.6 |      18 |      25 |  58.1
       D:15 |   17097 |    1823 |   9.6 |      44 |       1 |   2.2
     Lair:1 |    2070 |     856 |  29.3 |       9 |       7 |  43.8
     Lair:2 |    6147 |    1013 |  14.1 |      14 |       5 |  26.3
     Lair:3 |    4615 |    1567 |  25.3 |      18 |       4 |  18.2
     Lair:4 |    6936 |    3923 |  36.1 |      28 |      10 |  26.3
     Lair:5 |    2816 |     873 |  23.7 |      14 |       3 |  17.6
     Lair:6 |   19531 |    2810 |  12.6 |      34 |       5 |  12.8
      Orc:1 |    4097 |       0 |   0.0 |      33 |       0 |   0.0
      Orc:2 |    5488 |   14393 |  72.4 |      58 |      73 |  55.7
      Elf:1 |   14834 |    9324 |  38.6 |      25 |      14 |  35.9
      Elf:2 |   14946 |   23642 |  61.3 |      26 |      31 |  54.4
      Elf:3 |    9537 |   44092 |  82.2 |      16 |      34 |  68.0
   Depths:1 |   30951 |    9382 |  23.3 |      36 |      21 |  36.8
   Depths:2 |   12576 |    2373 |  15.9 |      21 |       3 |  12.5
    Abyss:3 |    2253 |       0 |   0.0 |       3 |       0 |   0.0
      IceCv |       0 |   15172 | 100.0 |       0 |      55 | 100.0
   Gauntlet |       0 |    4671 | 100.0 |       0 |       9 | 100.0
            +---------+---------+-------+---------+---------+-------
